 Dungeon Crawl Stone Soup version 0.31.0-32-g396128a36d (webtiles) character file.

Game seed: 17803049929684232272

998 Zonian the Chopper (level 8, -1/46 HPs)
             Began as a Gargoyle Gladiator on Apr 9, 2024.
             Was a Follower of Okawaru.
             Slain by a hound (5 damage)
             ... on level 5 of the Dungeon.
             The game lasted 00:11:52 (4098 turns).

Zonian the Chopper (Gargoyle Gladiator)             Turns: 4098, Time: 00:11:58

Health: -1/46      AC: 20    Str: 20    XL:     8   Next: 19%
Magic:  8/8        EV:  9    Int:  9    God:    Okawaru [*.....]
Gold:   152        SH:  0    Dex: 11    Spells: 3/7 levels left

rFire   . . .        f - +0 hand axe (elec)
rCold   . . .        (no shield)
rNeg    + . .        p - +2 chain mail {Will+}
rPois   ∞            w - +2 helmet
rElec   +            (no cloak)
rCorr   .            (no gloves)
SInv    +            (no boots)
Will    +....        (no amulet) Stlth
                     s - ring of flight
HPRegen 0.27/turn    v - ring of see invisible
MPRegen 0.11/turn

%: no passive effects
@: flying
A: sickness immunity, AC +5, negative energy resistance 1, electricity
resistance, torment resistance 1, petrification resistance
a: Renounce Religion, Heroism


You were on level 5 of the Dungeon.
You worshipped Okawaru.
Okawaru was aware of your devotion.
You visited 1 branch of the dungeon, and saw 5 of its levels.

You collected 152 gold pieces.

Inventory:

Hand Weapons
 a - a +0 flail
 f - a +0 hand axe of electrocution (weapon)
Missiles
 d - 2 throwing nets (quivered)
 e - a javelin
 l - 6 boomerangs
 z - 2 poisoned darts
Armour
 b - a +0 leather armour
 c - a +0 helmet
 p - a +2 chain mail of willpower (worn)
 w - a +2 helmet (worn)
Magical Staves
 i - a staff of fire
Jewellery
 s - a ring of flight (left hand)
 v - a ring of see invisible (right hand)
Wands
 h - a wand of flame (2)
 q - a wand of roots (5)
 x - a wand of paralysis (6)
Scrolls
 n - a scroll of silence {unknown}
 u - 2 scrolls of vulnerability
 y - a scroll of fog {unknown}
 A - a scroll of noise {unknown}
Potions
 g - 2 potions of might
 j - 2 potions of brilliance
 k - 3 potions of invisibility
 m - a potion of ambrosia {unknown}
 o - 2 potions of resistance
 r - a potion of attraction {unknown}
 t - 2 potions of mutation {unknown}


   Skills:
 + Level 3.3 Fighting
 + Level 5.7(6.2) Axes
 - Level 3.4(5.3) Maces & Flails
 - Level 1.7 Throwing
 + Level 4.6 Armour
 - Level 2.7 Dodging
 - Level 0.1 Stealth
 + Level 3.6 Earth Magic


You had 3 spell levels left.
You knew the following spells:

 Your Spells              Type           Power      Damage    Failure   Level
a - Magic Dart            Conj           0%         1d3       96%         1
b - Stone Arrow           Conj/Erth      6%         3d7       99%         3

Your spell library contained the following spells:

 Spells                   Type           Power      Damage    Failure   Level
 Sandblast                Erth           12%        2d6       54%         1
 Passwall                 Erth           6%         N/A       89%         3
 Blink                    Tloc           0%         N/A       99%         2
 Brom's Barrelling Bould  Conj/Erth      3%         2d3       100%        4
 Ozocubu's Refrigeration  Ice            0%         4d7       100%        7
 Polar Vortex             Ice            0%         N/A       100%        9
 Summon Small Mammal      Summ           Unusable   N/A       N/A         1
 Call Imp                 Summ           Unusable   N/A       N/A         2
 Call Canine Familiar     Summ           Unusable   N/A       N/A         3
 Summon Blazeheart Golem  Fire/Summ      Unusable   N/A       N/A         4
 Sculpt Simulacrum        Ice/Alch       Unusable   N/A       N/A         6

Dungeon Overview and Level Annotations

Branches:
Dungeon (5/15)
 Temple: D:4-7

Altars:
Okawaru
Qazlal
Uskayaw
Wu Jian
Yredelemnul
The Shining One

Shops:
D:5 [

Annotations:
D:4 1 runed translucent door, Crazy Yiuf


Innate Abilities, Weirdness & Mutations

You are immune to sickness and miasma.
Your stone body is resilient. (AC +5)
You are immune to poison.
You resist negative energy. (rN+)
You are resistant to electric shocks. (rElec)
You are resistant to unholy torment.
You are immune to petrification.


Message History

The hound bites you but does no damage. x2
You closely miss the hound.
The hound is lightly wounded.
The liquid fire burns you! The hound closely misses you.
An iguana comes into view.
You are too injured to fight recklessly!
You are too injured to fight recklessly!
You are too injured to fight recklessly!
Unknown command.
You hit the hound.
The hound is moderately wounded.
The liquid fire burns you! The hound bites you but does no damage.
The hound closely misses you.
You closely miss the hound.
The hound is moderately wounded.
The liquid fire burns you!
* * * LOW HITPOINT WARNING * * *
The hound bites you but does no damage.
You closely miss the hound.
The hound is moderately wounded.
The liquid fire burns you!
* * * LOW HITPOINT WARNING * * *
The hound completely misses you. The hound closely misses you.
Unknown command.
You shake off some of the fire as you move.
The liquid fire burns you!
* * * LOW HITPOINT WARNING * * *
The hound attacks as it pursues you! The hound bites you but does no damage.
You shake off the liquid fire.
The hound attacks as it pursues you! The hound bites you but does no damage.
Okay, then.
Aiming: Fastroot
Press: ? - help, Shift-Dir - straight line, f - hound
Aim: a hound (moderately wounded)
The roots erupt in riotous growth!
Roots grab the hound.
The grasping roots constrict the hound.
The hound bites you but does no damage. The hound bites you.
You die...

#....#.###
♣♣♣♣♣♣..)...###
≈≈≈§..♣#...>..########
§...≈.♣#.))..........#
≈≈≈.≈.♣#......######.#
...§§.♣.......# #.#
._.§≈§♣##.....######.#
...≈§§♣##.######.....#
≈≈≈.≈.♣...# #@#####
....≈.♣.### #h#
≈§≈≈..♣.# #.#
♣♣♣♣♣♣..# #†# #### #l#
#.# #.# #.# #.#


You could see an iguana and a hound (rooted).

Vanquished Creatures
  Menkaure (D:4)
  Edmund (D:5)
  A black bear (D:5)
  4 ogres (D:5)
  A bombardier beetle (D:5)
  2 hounds
  Jessica (D:3)
  Ijyb (D:4)
  An iguana (D:4)
  Robin (D:4)
  2 adders (D:4)
  4 gnolls
  2 dart slugs
  3 ribbon worms
  6 endoplasms
  3 giant cockroaches
  15 goblins
  14 hobgoblins
  10 jackals
  4 kobolds
  A quokka (D:2)
  10 ball pythons
  6 bats
  2 frilled lizards (D:1)
  5 rats
101 creatures vanquished.

Notes
Turn   | Place    | Note
-------+----------+-------------------------------------------
     0 | D:1      | Zonian the Gargoyle Gladiator began the quest for the Orb.
     0 | D:1      | Reached XP level 1. HP: 12/12 MP: 1/1
    92 | D:1      | Reached XP level 2. HP: 17/17 MP: 2/2
   268 | D:1      | Reached XP level 3. HP: 21/21 MP: 3/3
   406 | D:1      | Reached skill level 1 in Axes
  1016 | D:2      | Reached skill level 2 in Axes
  1094 | D:2      | Learned a level 1 spell: Magic Dart
  1102 | D:2      | Reached XP level 4. HP: 26/26 MP: 4/4
  1383 | D:3      | Found an ornate altar of the Wu Jian Council.
  1445 | D:3      | Found an iron altar of Okawaru.
  1452 | D:3      | Became a worshipper of Warmaster Okawaru
  1479 | D:3      | Found a glowing golden altar of the Shining One.
  1528 | D:3      | Noticed Jessica
  1547 | D:3      | Killed Jessica
  1721 | D:3      | Reached skill level 3 in Axes
  1915 | D:3      | Reached XP level 5. HP: 28/30 MP: 5/5
  2030 | D:3      | Found a basalt altar of Yredelemnul.
  2048 | D:3      | Found a stormy altar of Qazlal.
  2281 | D:4      | Noticed Ijyb
  2288 | D:4      | Killed Ijyb
  2289 | D:4      | Reached skill level 4 in Axes
  2504 | D:4      | Noticed Menkaure
  2513 | D:4      | Killed Menkaure
  2513 | D:4      | Reached * piety under Okawaru
  2514 | D:4      | Reached XP level 6. HP: 22/35 MP: 6/6
  2801 | D:4      | Noticed Robin
  2883 | D:4      | Killed Robin
  2964 | D:4      | Learned a level 3 spell: Stone Arrow
  3135 | D:4      | Found a runed translucent door.
  3136 | D:4      | Noticed Crazy Yiuf
  3221 | D:5      | Entered Level 5 of the Dungeon
  3265 | D:5      | Reached skill level 5 in Axes
  3265 | D:5      | Reached skill level 1 in Earth Magic
  3265 | D:5      | Reached XP level 7. HP: 30/40 MP: 4/7
  3798 | D:5      | Reached XP level 8. HP: 44/45 MP: 8/8
  3809 | D:5      | Found Senwyc's Antique Armour Shoppe.
  3863 | D:5      | Noticed Edmund
  3885 | D:5      | Killed Edmund
  4049 | D:5      | Found a hide-covered altar of Uskayaw.
  4098 | D:5      | Slain by a hound

Illustrated notes

Levels and vault maps discovered:
D:1:      spicycebolla_arrival_ecumenical, layout_loops_ring,
          chequers_serial_rivers_micro_b
D:2:      layout_rooms, minmay_misc_feat_cross, corexii_item_surrounded_by_moat
D:3:      layout_basic, old_standard_altar, nicolae_qazlal_general_emergency,
          nzn_wu_jian_council_hall, mainiacjoe_overflow_two_lobes, serial_glass,
          glass_columns_a, glass_columns_a, uniq_jessica
D:4:      minmay_diamond_boxcup, layout_basic, dk_noncrumbling_3,
          uniq_crazy_yiuf_cottage, uniq_ijyb, uniq_menkaure, uniq_robin
D:5:      layout_basic, mainiacjoe_overflow_paths, serial_shops, shop,
          uniq_edmund

Skill      XL: |  1  2  3  4  5  6  7  8 |
---------------+-------------------------+-----
Axes           | 2 3 4 5 |  5.7
Armour         | 2 3 4 |  4.6
Earth Magic    | 1 3 |  3.6
Fighting       | 3 |  3.3
Maces & Flails | |  3.4
Throwing       | |  1.7
Dodging        | |  2.7
Stealth        | |  0.1

Action                     |  1- 3 |  4- 6 |  7- 9 || total
---------------------------+-------+-------+-------++-------
  Melee: Flail             |    54 |       |       ||    54
         Hand axe          |   102 |   125 |    46 ||   273
  Throw: Throwing net      |       |     2 |       ||     2
         Dart              |       |       |     4 ||     4
         Boomerang         |       |       |     2 ||     2
 Invoke: Heroism           |       |     1 |       ||     1
  Evoke: Wand              |       |     6 |     3 ||     9
    Use: Scroll            |       |     6 |     1 ||     7
   Stab: Held in net/web   |       |     2 |       ||     2
 Armour: Leather armour    |    87 |    29 |       ||   116
         Chain mail        |       |    36 |    31 ||    67
  Dodge: Dodged            |   122 |    55 |    19 ||   196
